Unix NetHack Version 3.7.0-53 Work-in-progress - last build Mar 21 2022 02:33:53 (e25487e73a26563eb890138f5364dfe52547422e,branch:master). Game began 2022-03-22 16:06:44, ended 2022-03-22 16:27:34. Gandelf, neutral male human Monk ------------ |..........| --- --- --- |........... |. . .. |..........| #|.---- .- .. |.....<.....#########|.|..|---.| @ |..........| ##|.|..|..|.| . |........... #|.--||..|.| . -.-.-+------ #|....|..|.| .-- #|.{..--|-.----- .. #|..........|..| ..- ##|....-|--..%..| %.| ##|.-|-|..|.----| . | ##..|..|..|.|...|--- ----a-----.| #|.|..|---%|...|..| |..a@......| |.|..|....).).|..| |. |.......| |.----....-----|---------.....@.. |.............%%%...............| --------------------------------- Gandelf the Initiate St:16 Dx:16 Co:17 In:7 Wi:13 Ch:7 Neutral S:2464 Dlvl:8 $:634 HP:0(59) Pw:36(36) AC:3 Xp:6/370 T:2687 Burdened Latest messages: The killer bee misses! You kill the killer bee! You see here a melon. You miss the killer bee. The killer bee stings! The killer bee misses! You kill the killer bee! You see here a killer bee corpse. You see here a killer bee corpse. You miss the killer bee. The killer bee stings! You miss the killer bee. The killer bee stings! You kill the killer bee! You see here a killer bee corpse. You see here a crossbow bolt. The killer bee misses! You hear some noises in the distance. You kill the killer bee! Welcome to experience level 6. The killer bee stings! You kill the killer bee! The fire ant bites! The fire ant bites! You're on fire! You miss the fire ant. The fire ant bites! The fire ant bites! The killer bee misses! The fire ant bites! The fire ant misses! The killer bee stings! The fire ant bites! The fire ant bites! The killer bee misses! The fire ant misses! The fire ant bites! You're on fire! Your scroll labeled XIXAXA XOXAXA XUXAXA catches fire and burns! One of your scrolls of light catches fire and burns! Your scroll labeled VAS CORP BET MANI catches fire and burns! One of your scrolls called d1 catches fire and burns! One of your scrolls labeled MAPIRO MAHAMA DIROMAT catches fire and burns! You hear the howling of the CwnAnnwn... You die... Do you want your possessions identified? [ynq] (y) y Do you want to see your attributes? [ynq] (y) y Do you want an account of creatures vanquished? [ynaq] (y) y Do you want to see your conduct and achievements? [ynq] (y) y Do you want to see the dungeon overview? [ynq] (y) y Major events: Turn 1: Gandelf the neutral male human Monk entered the dungeon 1233: attained the rank of Novice (level 3) 2287: entered the Gnomish Mines 2544: reached Mine Town 2683: attained the rank of Initiate (level 6) 2687: killed by a fire ant Inventory: Coins $ - 634 gold pieces Amulets M - a cursed amulet of ESP Weapons x - 17 +0 darts Armor A - an uncursed +0 dwarvish iron helm a - an uncursed +2 pair of leather gloves (being worn) X - a blessed +0 pair of iron shoes E - a cursed -1 pair of iron shoes l - an uncursed +0 pair of jumping boots (being worn) j - an uncursed +0 dwarvish cloak b - an uncursed +1 robe (being worn) Comestibles K - 2 uncursed slime molds k - a cursed slime mold g - 5 uncursed apples Q - an uncursed apple f - an uncursed food ration t - 5 uncursed food rations y - an uncursed partly eaten food ration W - an uncursed partly eaten food ration i - 3 uncursed fortune cookies O - 2 uncursed fortune cookies h - 6 uncursed oranges m - an uncursed lichen corpse Scrolls P - 2 uncursed scrolls of enchant weapon R - an uncursed scroll of gold detection T - an uncursed scroll of identify d - an uncursed scroll of light q - 2 uncursed scrolls of light F - an uncursed scroll of remove curse Z - an uncursed scroll of scare monster Spellbooks I - an uncursed spellbook of clairvoyance c - a blessed spellbook of confuse monster B - an uncursed spellbook of detect monsters Potions S - an uncursed potion of fruit juice u - a blessed potion of sickness e - 3 uncursed potions of water C - an uncursed potion of water N - an uncursed potion of water Rings s - an uncursed ring of invisibility L - an uncursed ring of see invisible (on right hand) Wands H - a wand of fire (0:8) D - a wand of make invisible (0:5) G - a wand of secret door detection (0:14) Tools n - an uncursed blindfold r - an uncursed oil lamp J - a +0 pick-axe V - a tinning kit (0:68) Gems/Stones U - an uncursed worthless piece of violet glass o - an uncursed worthless piece of yellowish brown glass Gandelf the Monk's attributes: Background: You were an Initiate, a level 6 male human Monk. You were neutral, nominally on a mission for Chih Sung-tzu who was opposed by Shan Lai Ching (lawful) and Huan Ti (chaotic). You were in the Gnomish Mines, on level 8. You entered the dungeon 2687 turns ago. You had 370 experience points, 270 more were needed to attain level 7. Your score was 2464 before end-of-game adjustments. Basics: You had 0 out of 59 hit points. You had all 36 energy points (spell power). Your armor class was 3. Your wallet contained 634 zorkmids. Autopickup was off. Final Characteristics: Your strength was 16 (limit:18/100). Your dexterity was 16 (limit:18). Your constitution was 17 (limit:18). Your intelligence was 7 (limit:18). Your wisdom was 13 (limit:18). Your charisma was 7 (limit:18). Final Status: You were not hungry. You were burdened; movement was slightly slowed. You were empty handed. You had basic skill with martial arts. Final Attributes: You were piously aligned. You were sleep resistant. You were poison resistant. You saw invisible. You were stealthy. You could jump. You were guarded. You were fast. You are dead. Miscellaneous: You encountered 1 bones level. Total elapsed playing time was 20 minutes and 50 seconds. Vanquished creatures: 2 Uruk-hai a rock piercer a rock mole a gnome leader 4 dwarves a homunculus a rothe an iguana 6 killer bees a coyote 2 hobbits 14 gnomes a gnome zombie a gecko 4 jackals a fox a kobold 2 goblins 5 grid bugs a bat 4 lichens a kobold zombie 7 newts 63 creatures vanquished. No species were genocided or became extinct. Voluntary challenges: You followed a strict vegan diet. You were an atheist. You never hit with a wielded weapon. You were illiterate. You never engraved Elbereth. You never genocided any monsters. You never polymorphed an object. You never changed form. You used no wishes. Achievements: You entered a shop. You attained the rank of Novice. You entered the Gnomish Mines. You entered Minetown. You attained the rank of Initiate. The Dungeons of Doom: levels 1 to 7 Level 1: Level 2: A general store, a fountain. Level 3: A general store, a fountain. Level 4: Stairs down to The Gnomish Mines. Level 5: Level 6: Level 7: The Gnomish Mines: levels 5 to 8 Level 5: Level 6: Level 7: Level 8: <- You were here. A general store, some fountains. Final resting place for you, killed by a fire ant, nurdglaw-Kni-Hum-Fem-Law, killed by a fire ant. Game over: ---------- / \ / REST \ / IN \ / PEACE \ / \ | Gandelf | | 634 Au | | killed by a fire | | ant | | | | | | 2022 | *| * * * | * _________)/\\_//(\/(/\)/\//\/|_)_______ Goodbye Gandelf the Monk... You died in The Gnomish Mines on dungeon level 8 with 2401 points, and 634 pieces of gold, after 2687 moves. You were level 6 with a maximum of 59 hit points when you died.